 Dungeon Crawl Stone Soup version 0.17.1-1-g73c8601 (console) character file.

1159 Kloppie the Skirmisher (level 8, -3/73 HPs)
             Began as a Centaur Fighter on Dec 11, 2015.
             Was a Believer of Okawaru.
             Slain by an ogre
             ... wielding a +0 giant spiked club
              (16 damage)
             ... on level 7 of the Dungeon.
             The game lasted 00:07:57 (5533 turns).

Kloppie the Skirmisher (Centaur Fighter)            Turns: 5533, Time: 00:07:57

Health: -3/73      AC:  9    Str: 19    XL:     8   Next: 16%
Magic:  8/8        EV:  5    Int:  7    God:    Okawaru [**....]
Gold:   224        SH:  8    Dex: 11    Spells: 0 memorised, 7 levels left

rFire  . . .     SeeInvis .     a - +0 flail
rCold  + . .     Clarity  .     b - +0 scale mail
rNeg   . . .     SustAt   .     c - +0 shield
rPois  +         Gourm    .     (no helmet)
rElec  .         Spirit   .     q - +2 cloak {rPois}
rCorr  .         Warding  .     (no gloves)
rMut   +         Stasis   .     (no barding)
MR     .....                    o - amulet of resist mutation
Stlth  ..........               (no ring)
                                f - ring of protection from cold

@: very quick, not resistant to hostile enchantments, extremely unstealthy
A: hooves 3, deformed body, speed 2, tough skin 3
a: Heroism, Renounce Religion


You were on level 7 of the Dungeon.
You worshipped Okawaru.
Okawaru was pleased with you.
You were not hungry.

You visited 1 branch of the dungeon, and saw 7 of its levels.

You collected 237 gold pieces.
You spent 13 gold pieces at shops.

Inventory:

Hand Weapons
 a - a +0 flail (weapon)
Armour
 b - a +0 scale mail (worn)
 c - a +0 shield (worn)
 q - a +2 cloak of poison resistance (worn)
Jewellery
 f - a ring of protection from cold (left hand)
 o - an amulet of resist mutation (around neck)
Wands
 n - a wand of polymorph (24)
Scrolls
 g - a scroll of enchant armour
 h - 3 scrolls of magic mapping
 i - 3 scrolls of remove curse
 t - 2 scrolls of recharging
 v - a scroll of teleportation
 y - 2 scrolls of identify
Potions
 d - 2 potions of might
 j - 2 potions of flight
 k - a potion of brilliance
 l - a potion of ambrosia
 r - a potion of agility {unknown}
 s - a potion of curing
 u - 2 potions of heal wounds
 w - 2 potions of mutation {unknown}
 x - a potion of haste {unknown}
Books
 m - a book of Death

   Spells                             Type                      Level
   a - Corpse Rot                     Necromancy                   2
   b - Sublimation of Blood           Necromancy                   2
   c - Agony                          Necromancy                   5
   d - Dispel Undead                  Necromancy                   5
   e - Excruciating Wounds            Charms/Necromancy            5
   f - Bolt of Draining               Conjuration/Necromancy       5
Comestibles
 e - 2 bread rations
 p - a beef jerky


   Skills:
 + Level 7.4 Fighting
 + Level 6.6 Maces & Flails
 - Level 2.1 Armour
 - Level 2.1 Shields


You had 7 spell levels left.
You didn't know any spells.

Dungeon Overview and Level Annotations

Branches:
Dungeon (7/15)             Temple (0/1) D:6

Altars:
Ashenzari
Kikubaaqudgha
Okawaru
Ru
Trog
Yredelemnul

Shops:
D:5 :   D:6 !


Innate Abilities, Weirdness & Mutations

You have hooves in place of feet.
Armour fits poorly on your strangely shaped body.
You cover ground very quickly.
You have extremely tough skin (AC +3).


Message History

You are too injured to fight recklessly!
There is a stone staircase leading down here.
You climb downwards.
An ogre comes into view. It is wielding a giant spiked club.
The ogre shouts!
There is a stone staircase leading up here.
An ogre is nearby!
You block the ogre's attack.
Your shield and scale mail prevent you from hitting the ogre.
Your scale mail prevents you from hitting the ogre.
You kick the ogre, but do no damage. The ogre barely misses you.
You hit the ogre but do no damage. The ogre hits you but does no damage.
Your shield and scale mail prevent you from hitting the ogre.
Your kick misses the ogre.
The ogre hits you with a giant spiked club!
* * * LOW HITPOINT WARNING * * *
You hit the ogre. Your kick misses the ogre.
The ogre is lightly wounded.
The ogre hits you with a giant spiked club!
You die...

#. ##.# ..# #.#
##.## #...#####
#.#.<...##
.######...#.......
......O@....#.####
.#######.#### #
#.# #.# #.# #..
... ##.


You could see an ogre.

Vanquished Creatures
  A phantom (D:5)
  2 sky beasts
  2 centaurs (D:6)
  A giant frog (D:4)
  3 crimson imps
  Crazy Yiuf (D:3)
  A giant frog skeleton (D:5)
  4 hounds
  2 iguanas
  A centaur skeleton (D:4)
  A killer bee zombie (D:5)
  10 gnolls
  13 adders
  An adder zombie (D:5)
  3 worms
  2 adder skeletons
  4 giant geckos
  2 orcs
  2 ball pythons (D:1)
  3 giant cockroaches
  11 goblins
  5 hobgoblins
  4 jackals (D:1)
  6 bats
  2 giant newts
  A kobold (D:3)
  A quokka (D:2)
  6 rats
95 creatures vanquished.

Notes
Turn   | Place    | Note
--------------------------------------------------------------
     0 | D:1      | Kloppie the Centaur Fighter began the quest for the Orb.
     0 | D:1      | Reached XP level 1. HP: 19/19 MP: 1/1
    91 | D:1      | Reached XP level 2. HP: 13/26 MP: 2/2
   844 | D:2      | Found an iron altar of Okawaru.
   974 | D:2      | Became a worshipper of Warmaster Okawaru
   990 | D:2      | Reached XP level 3. HP: 31/33 MP: 3/3
  1210 | D:2      | Reached skill level 4 in Fighting
  1410 | D:2      | Reached XP level 4. HP: 33/40 MP: 4/4
  1453 | D:2      | Found a sacrificial altar of Ru.
  2040 | D:3      | Noticed Crazy Yiuf
  2046 | D:3      | Killed Crazy Yiuf
  2046 | D:3      | Reached XP level 5. HP: 47/47 MP: 5/5
  2144 | D:3      | Found a bloodstained altar of Trog.
  2144 | D:3      | Found an ancient bone altar of Kikubaaqudgha.
  2995 | D:4      | Reached * piety under Okawaru
  3129 | D:4      | Reached skill level 5 in Fighting
  3135 | D:4      | Reached XP level 6. HP: 33/56 MP: 6/6
  3563 | D:5      | Entered Level 5 of the Dungeon
  3584 | D:5      | Reached skill level 5 in Maces & Flails
  4007 | D:5      | Reached ** piety under Okawaru
  4007 | D:5      | Reached skill level 6 in Fighting
  4007 | D:5      | Reached XP level 7. HP: 33/63 MP: 7/7
  4264 | D:5      | Found Jonnoq's Book Emporium.
  4563 | D:5      | Found a shattered altar of Ashenzari.
  4758 | D:6      | Found Yhyfa's Distillery.
  4778 | D:6      | Bought a potion of poison for 13 gold pieces
  4796 | D:6      | Found a basalt altar of Yredelemnul.
  4998 | D:6      | Found a staircase to the Ecumenical Temple.
  5013 | D:6      | Reached skill level 7 in Fighting
  5013 | D:6      | Reached XP level 8. HP: 36/73 MP: 8/8
  5533 | D:7      | Slain by an ogre

Action                   |  1- 3 |  4- 6 |  7- 9 || total
-------------------------+-------+-------+-------++-------
Melee: Flail             |   124 |   251 |   135 ||   510
  Use: Potion            |     1 |       |       ||     1
       Scroll            |       |       |     9 ||     9
  Eat: Chunk             |     1 |     7 |     1 ||     9
       Bread ration      |       |       |     1 ||     1
